HSSL
INDIANAPOLIS HS CHAOS @ MARIS SCHOOL MARINERS
04/15/2030
 
TOP OF THE 1ST
Indianapolis HS Chaos batting - Pitching for Maris School Mariners : RHP Jerome Smith
Pitching: RHP Jerome Smith
Batting: LHB Jason Hudson 0-0: Ball
1-0: DOUBLE (Flyball, 8RXD)
Batting: RHB Eric Pierce 0-0: Ball
1-0: Ball
2-0: Ball
3-0: Called Strike
3-1: Called Strike
3-2: Foul Ball, location: 2F
3-2: Foul Ball, location: 2F
3-2: Foul Ball, location: 2F
3-2: SINGLE (Groundball, 6MD)
Jason Hudson to third
Batting: RHB Bryan Reed 0-0: Ground out 6-3 (Groundball, 6S)
Jason Hudson scores
Eric Pierce to second
Batting: RHB Andy Norris 0-0: Ball
1-0: SINGLE (Line Drive, 6MD)
Eric Pierce to third
Batting: LHB José Alonzo 0-0: Swinging Strike
0-1: Ball
1-1: Swinging Strike
1-2: Ball
2-2: Ball
3-2: Base on Balls
Andy Norris to second
Batting: RHB Brian Carriaga 0-0: Ball
1-0: Foul Ball, location: 2F
1-1: Foul Ball, location: 2F
1-2: Foul Ball, location: 2F
1-2: Ball
2-2: SINGLE (Groundball, 34D)
Eric Pierce scores
Andy Norris to third
José Alonzo to second
Runner from 3rd tries for Home, SAFE, no throw
Batting: LHB William Morgan 0-0: Swinging Strike
0-1: Ball
1-1: Called Strike
1-2: Ball
2-2: SINGLE (Line Drive, 8RS)
José Alonzo to third
Brian Carriaga to second
Batting: RHB Jonathan Thompson 0-0: Ball
1-0: Grounds into double play, 5-4-3 (Groundball, 56)
Top of the 1st over - 3 runs, 5 hits, 0 errors, 2 left on base; Indianapolis HS 3 - Maris School 0
BOTTOM OF THE 1ST
Maris School Mariners batting - Pitching for Indianapolis HS Chaos : RHP Dave Paul
Pitching: RHP Dave Paul
Batting: RHB Dusty Pope 0-0: Fly out, F5 (Popup, 56)
Batting: LHB Michael Rodríguez 0-0: Ball
1-0: Fly out, F5 (Popup, 56)
Batting: RHB Grant Reynolds 0-0: SINGLE (Groundball, 6S) (infield hit)
Batting: LHB Dave Booth 0-0: Called Strike
0-1: Foul Ball, location: 2F
0-2: Ball
1-2: Ball
2-2: Ground out 4-3 (Groundball, 4M)
Bottom of the 1st over - 0 runs, 1 hit, 0 errors, 1 left on base; Indianapolis HS 3 - Maris School 0
TOP OF THE 2ND
Indianapolis HS Chaos batting - Pitching for Maris School Mariners : RHP Jerome Smith
Batting: RHB Héctor Núñez 0-0: Ball
1-0: SINGLE (Groundball, 56D)
Batting: LHB Jason Hudson 0-0: Called Strike
0-1: Ball
1-1: SINGLE (Flyball, 89S)
Héctor Núñez to second
Batting: RHB Eric Pierce 0-0: Ball
1-0: Ball
2-0: Ground out U3 (Groundball, 34S)
Héctor Núñez to third
Jason Hudson to second
Batting: RHB Bryan Reed 0-0: Called Strike
0-1: Ball
1-1: Foul Ball, location: 2F
1-2: Ball
2-2: Ball
3-2: Ground out 4-3 (Groundball, 4)
Héctor Núñez scores
Jason Hudson to third
Batting: RHB Andy Norris 0-0: Ball
1-0: DOUBLE (Line Drive, 8LXD)
Jason Hudson scores
Batting: LHB José Alonzo 0-0: Ball
1-0: SINGLE (Groundball, 34D) (infield hit)
Andy Norris to third
Batting: RHB Brian Carriaga 0-0: Ball
1-0: Swinging Strike
1-1: Ball
2-1: Foul Ball, location: 2F
2-2: Foul Ball, location: 2F
2-2: Foul Ball, location: 2F
2-2: Foul Ball, location: 2F
2-2: SINGLE (Groundball, 4D)
Andy Norris scores
José Alonzo to second
Runner from 2nd tries for 3rd, SAFE, no throw
Batting: LHB William Morgan 0-0: Called Strike
0-1: Swinging Strike
0-2: Ball
1-2: Ground out 4-3 (Groundball, 34)
Top of the 2nd over - 3 runs, 5 hits, 0 errors, 2 left on base; Indianapolis HS 6 - Maris School 0
BOTTOM OF THE 2ND
Maris School Mariners batting - Pitching for Indianapolis HS Chaos : RHP Dave Paul
Batting: LHB Miguel Martínez 0-0: Ball
1-0: Ball
2-0: Ball
3-0: Called Strike
3-1: Foul Ball, location: 2F
3-2: Foul Ball, location: 2F
3-2: Base on Balls
Batting: LHB Carl Spaeth 0-0: Ball
1-0: Grounds into double play, 4-6-3 (Groundball, 34)
Batting: RHB John Verville 0-0: Ball
1-0: Called Strike
1-1: Fly out, F3 (Popup, 3SF)
Bottom of the 2nd over - 0 runs, 0 hits, 0 errors, 0 left on base; Indianapolis HS 6 - Maris School 0
TOP OF THE 3RD
Indianapolis HS Chaos batting - Pitching for Maris School Mariners : RHP Jerome Smith
Batting: RHB Jonathan Thompson 0-0: Ball
1-0: Ball
2-0: Called Strike
2-1: Foul Ball, location: 2F
2-2: Strikes out swinging
Batting: RHB Héctor Núñez 0-0: Ball
1-0: Swinging Strike
1-1: Foul Ball, location: 2F
1-2: Ground out 3-1 (Groundball, 34S)
Batting: LHB Jason Hudson 0-0: Foul Ball, location: 2F
0-1: Ball
1-1: Called Strike
1-2: Strikes out looking
Top of the 3rd over - 0 runs, 0 hits, 0 errors, 0 left on base; Indianapolis HS 6 - Maris School 0
BOTTOM OF THE 3RD
Maris School Mariners batting - Pitching for Indianapolis HS Chaos : RHP Dave Paul
Batting: RHB Ed Lovett 0-0: Ball
1-0: Foul Ball, location: 2F
1-1: Swinging Strike
1-2: Ball
2-2: Foul Ball, location: 2F
2-2: SINGLE (Line Drive, 3S)
Batting: RHB Ray O'Larly 0-0: Swinging Strike
0-1: Foul Ball, location: 2F
0-2: Grounds into double play, 6-4-3 (Groundball, 6)
Batting: RHB Dusty Pope 0-0: Swinging Strike
0-1: Foul Ball, location: 2F
0-2: Foul Ball, location: 2F
0-2: Ball
1-2: Foul Ball, location: 2F
1-2: Fly out, F8 (Line Drive, 8RM)
Bottom of the 3rd over - 0 runs, 1 hit, 0 errors, 0 left on base; Indianapolis HS 6 - Maris School 0
TOP OF THE 4TH
Indianapolis HS Chaos batting - Pitching for Maris School Mariners : RHP Jerome Smith
Batting: RHB Eric Pierce 0-0: Called Strike
0-1: Swinging Strike
0-2: Ball
1-2: Foul Ball, location: 2F
1-2: Foul Ball, location: 2F
1-2: Foul Ball, location: 2F
1-2: Ball
2-2: Ball
3-2: Strikes out swinging
Pitching: RHP Javier González
Batting: RHB Bryan Reed 0-0: Ball
1-0: Called Strike
1-1: Ground out 1-3 (Groundball, 15S)
Batting: RHB Andy Norris 0-0: Ball
1-0: Called Strike
1-1: Ball
2-1: Ball
3-1: SINGLE (Groundball, 56S) (infield hit)
Batting: LHB José Alonzo 0-0: Ball
1-0: Ball
2-0: Called Strike
2-1: Foul Ball, location: 2F
2-2: Foul Ball, location: 2F
2-2: SINGLE (Flyball, 7S)
Andy Norris to second
Batting: RHB Brian Carriaga 0-0: Ball
1-0: Foul Ball, location: 2F
1-1: Ball
2-1: Foul Ball, location: 2F
2-2: Fly out, F8 (Flyball, 8RD)
Top of the 4th over - 0 runs, 2 hits, 0 errors, 2 left on base; Indianapolis HS 6 - Maris School 0
BOTTOM OF THE 4TH
Maris School Mariners batting - Pitching for Indianapolis HS Chaos : RHP Dave Paul
Batting: LHB Michael Rodríguez 0-0: Called Strike
0-1: Ball
1-1: Ball
2-1: DOUBLE (Line Drive, 9LM)
Batting: RHB Grant Reynolds 0-0: Ball
1-0: DOUBLE (Flyball, 8LXD)
Michael Rodríguez scores
Batting: LHB Dave Booth 0-0: Swinging Strike
0-1: Ball
1-1: Foul Ball, location: 2F
1-2: Strikes out swinging
Batting: LHB Miguel Martínez 0-0: Ball
1-0: Foul Ball, location: 2F
1-1: Called Strike
1-2: Ball
2-2: Foul Ball, location: 2F
2-2: Ball
3-2: Strikes out swinging
Batting: LHB Carl Spaeth 0-0: Swinging Strike
0-1: Foul Ball, location: 2F
0-2: Strikes out swinging
Bottom of the 4th over - 1 run, 2 hits, 0 errors, 1 left on base; Indianapolis HS 6 - Maris School 1
TOP OF THE 5TH
Indianapolis HS Chaos batting - Pitching for Maris School Mariners : RHP Javier González
Batting: LHB William Morgan 0-0: Foul Ball, location: 2F
0-1: Ball
1-1: Foul Ball, location: 2F
1-2: SINGLE (Flyball, 9LS)
Batting: RHB Jonathan Thompson 0-0: Ball
1-0: Called Strike
1-1: Ball
2-1: Foul Ball, location: 2F
2-2: Grounds into double play, 4-6-3 (Groundball, 4)
Batting: RHB Héctor Núñez 0-0: Ground out 6-3 (Groundball, 6)
Top of the 5th over - 0 runs, 1 hit, 0 errors, 0 left on base; Indianapolis HS 6 - Maris School 1
BOTTOM OF THE 5TH
Maris School Mariners batting - Pitching for Indianapolis HS Chaos : RHP Dave Paul
Batting: RHB John Verville 0-0: Swinging Strike
0-1: Ball
1-1: SOLO HOME RUN (Line Drive, 7LD), Distance : 367 ft
Batting: RHB Ed Lovett 0-0: Fly out, F9 (Line Drive, 9)
Batting: RHB Ray O'Larly 0-0: Ball
1-0: Ground out 6-3 (Groundball, 6)
Batting: RHB Dusty Pope 0-0: Ball
1-0: Called Strike
1-1: Foul Ball, location: 2F
1-2: Foul Ball, location: 2F
1-2: Foul Ball, location: 2F
1-2: Ball
2-2: SINGLE (Groundball, 6MD)
Batting: LHB Michael Rodríguez 0-0: Foul Ball, location: 2F
0-1: Swinging Strike
0-2: Ground out U3 (Groundball, 3)
Bottom of the 5th over - 1 run, 2 hits, 0 errors, 1 left on base; Indianapolis HS 6 - Maris School 2
TOP OF THE 6TH
Indianapolis HS Chaos batting - Pitching for Maris School Mariners : RHP Javier González
Batting: LHB Jason Hudson 0-0: Called Strike
0-1: Ball
1-1: Swinging Strike
1-2: Strikes out swinging, 2-3 out at first.
Batting: RHB Eric Pierce 0-0: Ball
1-0: Ball
2-0: Ball
3-0: Called Strike
3-1: SINGLE (Flyball, 89M)
Batting: RHB Bryan Reed 0-0: Foul Ball, location: 2F
0-1: Ball
1-1: Ball
2-1: Fielders Choice at 2nd, 4-6 (Groundball, 4)
Batting: RHB Andy Norris 0-0: Ball
1-0: Called Strike
1-1: Ball
2-1: Fly out, F7 (Flyball, 7LD)
Top of the 6th over - 0 runs, 1 hit, 0 errors, 1 left on base; Indianapolis HS 6 - Maris School 2
BOTTOM OF THE 6TH
Maris School Mariners batting - Pitching for Indianapolis HS Chaos : RHP Dave Paul
Batting: RHB Grant Reynolds 0-0: Ball
1-0: Foul Ball, location: 2F
1-1: Ball
2-1: DOUBLE (Line Drive, 9LM)
Batting: LHB Dave Booth 0-0: Foul Ball, location: 2F
0-1: Ball
1-1: Foul Ball, location: 2F
1-2: Strikes out swinging
Pitching: RHP Alberto Vega
Batting: LHB Miguel Martínez 0-0: Called Strike
0-1: Foul Ball, location: 2F
0-2: Fly out, F3 (Popup, 34)
Batting: LHB Carl Spaeth 0-0: Foul Ball, location: 2F
0-1: Foul Ball, location: 2F
0-2: Strikes out swinging
Bottom of the 6th over - 0 runs, 1 hit, 0 errors, 1 left on base; Indianapolis HS 6 - Maris School 2
TOP OF THE 7TH
Indianapolis HS Chaos batting - Pitching for Maris School Mariners : RHP Javier González
Batting: LHB José Alonzo 0-0: SINGLE (Groundball, 4MD)
Batting: RHB Brian Carriaga 0-0: Bunted foul
0-1: Bunt missed!
0-2: Ball
1-2: Ball
2-2: Ball
3-2: Base on Balls
José Alonzo to second
Batting: LHB William Morgan 0-0: Ball
1-0: Ball
2-0: Ball
3-0: Called Strike
3-1: Called Strike
3-2: Grounds into double play, 6-4-3 (Groundball, 6)
José Alonzo to third
Batting: RHB Jonathan Thompson 0-0: Fly out, F4 (Line Drive, 4)
Top of the 7th over - 0 runs, 1 hit, 0 errors, 1 left on base; Indianapolis HS 6 - Maris School 2
BOTTOM OF THE 7TH
Maris School Mariners batting - Pitching for Indianapolis HS Chaos : RHP Alberto Vega
Batting: RHB John Verville 0-0: Foul Ball, location: 2F
0-1: Ball
1-1: Called Strike
1-2: Ball
2-2: Foul Ball, location: 2F
2-2: Ball
3-2: Ground out U3 (Groundball, 34)
Batting: RHB Ed Lovett 0-0: Ball
1-0: Ball
2-0: Called Strike
2-1: Swinging Strike
2-2: Ball
3-2: Strikes out swinging
Batting: RHB Ray O'Larly 0-0: SINGLE (Line Drive, 89S)
Batting: RHB Dusty Pope 0-0: Called Strike
0-1: Foul Ball, location: 2F
0-2: Strikes out looking
Bottom of the 7th over - 0 runs, 1 hit, 0 errors, 1 left on base; Indianapolis HS 6 - Maris School 2
TOP OF THE 8TH
Indianapolis HS Chaos batting - Pitching for Maris School Mariners : RHP Javier González
Batting: RHB Héctor Núñez 0-0: Ball
1-0: Ball
2-0: Ball
3-0: Called Strike
3-1: SINGLE (Groundball, 56D)
Batting: LHB Jason Hudson 0-0: Foul Ball, location: 2F
0-1: Ball
1-1: Foul Ball, location: 2F
1-2: Ball
2-2: Ball
3-2: Fly out, F9 (Flyball, 89D)
Batting: RHB Eric Pierce 0-0: Called Strike
0-1: Foul Ball, location: 2F
0-2: Ball
1-2: Strikes out swinging
Batting: RHB Bryan Reed 0-0: Foul Ball, location: 2F
0-1: Ball
1-1: Called Strike
1-2: Ball
2-2: 2-RUN HOME RUN (Flyball, 78XD), Distance : 434 ft
Batting: RHB Andy Norris 0-0: Fly out, F7 (Flyball, 7D)
Top of the 8th over - 2 runs, 2 hits, 0 errors, 0 left on base; Indianapolis HS 8 - Maris School 2
BOTTOM OF THE 8TH
Maris School Mariners batting - Pitching for Indianapolis HS Chaos : RHP Alberto Vega
Batting: LHB Michael Rodríguez 0-0: Called Strike
0-1: Foul Ball, location: 2F
0-2: Foul Ball, location: 2F
0-2: Ball
1-2: SINGLE (Line Drive, 56D)
Batting: RHB Grant Reynolds 0-0: Fly out, F8 (Flyball, 8LD)
Batting: LHB Dave Booth 0-0: Swinging Strike
0-1: Ball
1-1: Ball
2-1: Swinging Strike
2-2: Foul Ball, location: 2F
2-2: Ball
3-2: Strikes out swinging
Michael Rodríguez is caught stealing 2nd base
Batter strikes out.
Bottom of the 8th over - 0 runs, 1 hit, 0 errors, 0 left on base; Indianapolis HS 8 - Maris School 2
TOP OF THE 9TH
Indianapolis HS Chaos batting - Pitching for Maris School Mariners : RHP Javier González
Pitching: LHP Mike Barry
Batting: LHB José Alonzo 0-0: Foul Ball, location: 2F
0-1: Foul Ball, location: 2F
0-2: Ground out 6-3 (Groundball, 6MD)
Batting: RHB Brian Carriaga 0-0: Ball
1-0: Foul Ball, location: 2F
1-1: Swinging Strike
1-2: Foul Ball, location: 2F
1-2: Strikes out swinging
Batting: LHB William Morgan 0-0: Swinging Strike
0-1: Swinging Strike
0-2: Ground out 4-3 (Groundball, 4M)
Top of the 9th over - 0 runs, 0 hits, 0 errors, 0 left on base; Indianapolis HS 8 - Maris School 2
BOTTOM OF THE 9TH
Maris School Mariners batting - Pitching for Indianapolis HS Chaos : RHP Alberto Vega
Batting: LHB Miguel Martínez 0-0: Ball
1-0: Foul Ball, location: 2F
1-1: Swinging Strike
1-2: Strikes out looking
Batting: LHB Carl Spaeth 0-0: Called Strike
0-1: Ball
1-1: Ball
2-1: Ball
3-1: Base on Balls
Batting: RHB John Verville 0-0: Called Strike
0-1: Ball
1-1: Ball
2-1: Foul Ball, location: 2F
2-2: Fly out, F9 (Line Drive, 9)
Batting: RHB Ed Lovett 0-0: Ball
1-0: SINGLE (Line Drive, 89M)
Carl Spaeth to second
Batting: RHB Ray O'Larly 0-0: Foul Ball, location: 2F
0-1: Ball
1-1: Foul Ball, location: 2F
1-2: Foul Ball, location: 2F
1-2: Ball
2-2: Fly out, F7 (Flyball, 7LSF)
Bottom of the 9th over - 0 runs, 1 hit, 0 errors, 2 left on base; Indianapolis HS 8 - Maris School 2
Saturday, April 7th, 2018 - OOTP Baseball 18.8 Build 76